 Dungeon Crawl Stone Soup version 0.31-a0-196-g86fe4a5e66 (webtiles) character file.

Game seed: 10745446296168567672

221 qw the Skirmisher (level 5, -1/29 HPs)
             Began as a Deep Elf Hunter on June 24, 2023.
             Slain by an orc wizard
             ... wielding a +0 dagger
              (2 damage)
             ... on level 3 of the Dungeon.
             The game lasted 00:01:02 (2470 turns).

qw the Skirmisher (Deep Elf Hunter)                 Turns: 2470, Time: 00:01:02

Health: -1/29      AC:  7    Str: 10    XL:     5   Next: 65%
Magic:  7/7        EV: 12    Int: 18    God:
Gold:   155        SH:  0    Dex: 18    Spells: 4/4 levels left

rFire   + + .        b - +3 longbow "Gewkem" {heavy, Int+4 Stlth+}
rCold   + . .        (shield currently unavailable)
rNeg    . . .        o - +2 leather armour {rF+}
rPois   .            (no helmet)
rElec   .            h - scarf {rC+ rF+}
rCorr   .            e - +0 pair of gloves
SInv    .            d - +0 pair of boots
Will    .....        a - amulet of the acrobat
Stlth   +++          (no ring)
HPRegen 0.24/turn    (no ring)
MPRegen 0.10/turn

%: acrobat
@: no status effects
A: no striking features
a: no special abilities


You were on level 3 of the Dungeon.
You visited 1 branch of the dungeon, and saw 4 of its levels.

You collected 155 gold pieces.


   Skills:
 + Level 1.5 Fighting
 - Level 9.0 Ranged Weapons
 - Level 3.0 Dodging
 - Level 1.2 Stealth


You had 4 spell levels left.
You didn't know any spells.
Your spell library was empty.

Inventory:

Hand Weapons
 b - the +3 longbow "Gewkem" (weapon) {heavy, Int+4 Stlth+}
   (You acquired it on level 3 of the Dungeon)

   Int:       It affects your intelligence (+4).
   Stlth:     It makes you more stealthy.
Armour
 d - a +0 pair of boots (worn)
 e - a +0 pair of gloves (worn)
 g - a +0 ring mail
 h - a scarf of resistance (worn)
 i - a +2 cloak
 o - a +2 leather armour of fire resistance (worn)
Jewellery
 a - an amulet of the acrobat (around neck)
Potions
 c - a potion of haste {unknown}
 j - a potion of attraction {unknown}
 k - a potion of lignification {unknown}
 l - a potion of heal wounds {unknown}
 m - a potion of curing

Dungeon Overview and Level Annotations

Branches:
Dungeon (4/15)
 Temple: D:4-7

Altars:
Kikubaaqudgha
Ru
Yredelemnul

Annotations:
D:3 1 runed translucent door, Crazy Yiuf


Message History

Something hits you. The hound bites you.
In your confused state, you trip and fall back down the stairs.
The orc barely misses you.
The orc wizard hits you with a +0 dagger.
The orc misses you. Something hits you but does no damage.
The hound bites you but does no damage.
2467 ||| DRINKING 2 potions of curing.
You feel better.
2467 ||| (to cure confusion)
The hound barely misses you.
The orc wizard hits you with a +0 dagger.
The orc barely misses you. The orc misses you.
Something hits you but does no damage. The hound bites you but does no damage.
2468 ||| STAIRDANCE The orc wizard hits you with a +0 dagger.
The orc hits you but does no damage. The orc hits you with a +0 mace.
Something hits you but does no damage. The hound closely misses you.
You climb upwards.
Level annotation: 1 runed translucent door, Crazy Yiuf Reactivating autopickup.
There is a stone staircase leading down here.
Enter note:
Enter note:
Enter note:
Enter note:
Enter note:
Enter note:
Enter note:
Enter note:
Enter note: You shoot an arrow.
The arrow closely misses the orc.
The hound misses you.
You hear some strange, mumbled words.
A puff of flame appears from out of thin air!
Deactivating autopickup; reactivate with Ctrl-A.
The puff of flame hits you. You resist. The orc misses you.
The orc hits you with a +0 mace.
The orc wizard hits you but does no damage.
The hound misses you. The orc hits you with a +0 mace. x2
The orc wizard hits you with a +0 dagger.
You die...

########### ##..~~~~~~~ ####
#...~~~~~#~ ...# #.~~~~~~##
...### #.~~~~~## #########
.%...## #.~~~~#######.......##
......###..~~~.o@o....~~~~~~~#
.......##~~~~~~h{o........~.##
.......##.~~~~.##.###....~..#
.......##~~~~~.##.# ##....~.#
.......#...~.~....# #......#
..........~~~~~##.# #......#
.......:..~~~~~##.# #......#
.........~~~~~~##.####......#
..........~~~~~...........#######


You could see a hound, an orc wizard and 2 orcs.

Vanquished Creatures
  A vampire bat (D:3)
  An iguana (D:3)
  2 gnolls
  6 adders
  2 dart slugs
  2 orcs (D:3)
  3 bat skeletons (D:3)
  2 bat zombies (D:3)
  9 endoplasms
  5 giant cockroaches
  11 goblins
  8 hobgoblins
  2 quokkas (D:1)
  3 ball pythons
  3 bats (D:2)
  3 frilled lizards
  5 kobolds
  5 rats
  A spectral orc (D:3)
74 creatures vanquished.

Notes
Turn   | Place    | Note
-------+----------+-------------------------------------------
     0 | D:1      | qw the Deep Elf Hunter began the quest for the Orb.
     0 | D:1      | Reached XP level 1. HP: 12/12 MP: 3/3
     0 | D:1      | 0 ||| qw: Version: 0.3-a-9-g12657ce
     0 | D:1      | 0 ||| qw: Game counter: 4840
     0 | D:1      | 0 ||| qw: Always use a shield: true
     0 | D:1      | 0 ||| qw: God list: Okawaru
     0 | D:1      | 0 ||| qw: Allow faded altars: false
     0 | D:1      | 0 ||| qw: Do Orc after D:15 true
     0 | D:1      | 0 ||| qw: Do second Lair branch before Depths: true
     0 | D:1      | 0 ||| qw: Lair rune preference: random
     0 | D:1      | 0 ||| qw: Plans: Normal
     0 | D:1      | 0 ||| PLANNING D:1-11
   101 | D:1      | Reached skill level 6 in Ranged Weapons
   101 | D:1      | Reached XP level 2. HP: 16/16 MP: 4/4
   195 | D:1      | Found a faded altar of an unknown god.
   515 | D:1      | 515 ||| UPGRADING to +0 pair of boots.
   520 | D:1      | 520 ||| UPGRADING to +0 pair of gloves.
   525 | D:1      | 525 ||| UPGRADING to +0 ring mail.
   535 | D:1      | 535 ||| DROPPING +0 leather armour.
   536 | D:1      | 536 ||| UPGRADING to scarf of resistance.
   541 | D:1      | 541 ||| READING scroll labelled ONUSAS JINU.
   542 | D:1      | 542 ||| READING scroll labelled LEPAISCH CIEZY.
   543 | D:1      | 543 ||| DROPPING scroll of butterflies.
   614 | D:2      | Reached XP level 3. HP: 19/20 MP: 5/5
   660 | D:2      | HP: 5/20 [gnoll/+0 flail (2)]
   662 | D:2      | Reached skill level 7 in Ranged Weapons
  1036 | D:2      | Reached XP level 4. HP: 25/25 MP: 6/6
  1614 | D:2      | 1614 ||| UPGRADING to amulet of the acrobat.
  1619 | D:2      | 1619 ||| READING scroll labelled ZUMYPH NYLIORA.
  1620 | D:2      | 1620 ||| READING scroll labelled ISHROPP ODDYNTU.
  1621 | D:2      | 1621 ||| READING scroll labelled ZER ETACIOKHLIU.
  1772 | D:3      | Identified the +4 sling of Lap Ihei {drain, rCorr Str+4
                  | Dex+4}
  1774 | D:3      | 1774 ||| SWAPPING to +4 sling of Lap Ihei {drain, rCorr
                  | Str+4 Dex+4}.
  1775 | D:3      | 1775 ||| DROPPING +0 shortbow.
  1803 | D:3      | Found a runed translucent door.
  1804 | D:3      | Noticed Crazy Yiuf
  1850 | D:3      | Reached skill level 8 in Ranged Weapons
  1876 | D:3      | Reached XP level 5. HP: 28/29 MP: 7/7
  1916 | D:3      | Reached skill level 3 in Dodging
  1975 | D:3      | Found a sacrificial altar of Ru.
  1993 | D:3      | Found a basalt altar of Yredelemnul.
  2142 | D:3      | Found an ancient bone altar of Kikubaaqudgha.
  2159 | D:3      | Reached skill level 9 in Ranged Weapons
  2397 | D:3      | 2397 ||| UPGRADING to +2 leather armour of fire resistance.
  2407 | D:3      | 2407 ||| READING 3 scrolls labelled JURHAO CUYLO.
  2408 | D:3      | 2408 ||| READING scroll labelled AFRUKA UC NOTZ.
  2409 | D:3      | 2409 ||| READING scroll labelled MEOS RUVOGO.
  2409 | D:3      | Identified a scroll of acquirement
  2409 | D:3      | 2409 ||| ACQUIRING +3 longbow "Gewkem" {heavy, Int+4
                  | Stlth+}
  2409 | D:3      | Acquired the +3 longbow "Gewkem" {heavy, Int+4 Stlth+}
  2411 | D:3      | 2411 ||| SWAPPING to +3 longbow "Gewkem" {heavy, Int+4
                  | Stlth+}.
  2412 | D:3      | 2412 ||| DROPPING +4 sling of Lap Ihei {drain, rCorr Str+4
                  | Dex+4}.
  2413 | D:3      | 2413 ||| DRINKING 3 fuming inky potions.
  2414 | D:3      | 2414 ||| DROPPING 2 scrolls of immolation.
  2461 | D:4      | 2461 ||| STAIRDANCE
  2463 | D:4      | 2463 ||| STAIRDANCE
  2465 | D:4      | 2465 ||| STAIRDANCE
  2467 | D:4      | 2467 ||| DRINKING 2 potions of curing.
  2467 | D:4      | 2467 ||| (to cure confusion)
  2468 | D:4      | 2468 ||| STAIRDANCE
  2470 | D:3      | HP: 2/29 [orc/+0 mace (6)]
  2470 | D:3      | Slain by an orc wizard

Levels and vault maps discovered:
D:1:      dpeg_arrival_castle, layout_rooms, shapermc_ecumenical_altar_gd
D:2:      layout_loops_ring, chequers_serial_rivers_small_3, roderic_lattice_a,
          minmay_joined_circles
D:3:      layout_rooms, yredelemnul_forgotten_temple_becter,
          kennysheep_vampire_church, lemuel_crystal_altar, serial_rivers,
          chequers_serial_rivers_small_3, chequers_serial_rivers_large_a,
          chequers_serial_rivers_micro_c, chequers_serial_rivers_micro_e,
          uniq_crazy_yiuf_cottage
D:4:      layout_cave_pools, mainiacjoe_overflow_six_doors_small, temple_hall,
          serial_shops, shop, minmay_statues_item, kennysheep_generic_room_13

Skill      XL: |  1  2  3  4  5 |
---------------+----------------+-----
Ranged Weapons | 6 7 8 9 |  9.0
Dodging        | 3 |  3.0
Fighting       | |  1.5
Stealth        | |  1.2

Action                     |  1- 3 |  4- 6 || total
---------------------------+-------+-------++-------
   Fire: Shortbow          |    97 |    47 ||   144
         Sling             |       |    54 ||    54
         Longbow           |       |     5 ||     5
    Use: Scroll            |     2 |     6 ||     8
         Potion            |       |     2 ||     2
 Armour: Leather armour    |     1 |    20 ||    21
         Ring mail         |     8 |    41 ||    49
  Dodge: Dodged            |    23 |    66 ||    89

Table legend:
 A = Non-vault XP
 B = Vault XP
 C = Vault XP percentage of total XP
 D = Non-vault monster count
 E = Vault monster count
 F = Vault count percentage of total count
                 A         B        C        D         E       F
            +---------+---------+-------+---------+---------+-------
      Total |     219 |      98 |  30.9 |      57 |      17 |  23.0
            +---------+---------+-------+---------+---------+-------
        D:1 |      38 |       0 |   0.0 |      15 |       0 |   0.0
        D:2 |      57 |      30 |  34.5 |      21 |      10 |  32.3
        D:3 |     124 |      68 |  35.4 |      21 |       7 |  25.0
            +---------+---------+-------+---------+---------+-------
